 Dungeon Crawl Stone Soup version 0.19-a0-1041-g82b1012 (webtiles) character file.

563 poirepourri the Skirmisher (level 7, -10/44 HPs)
             Began as a Gargoyle Fighter on July 30, 2016.
             Was an Initiate of Qazlal.
             Mangled by an ogre
             ... wielding a +0 giant spiked club
              (25 damage)
             ... on level 5 of the Dungeon.
             The game lasted 00:05:57 (3997 turns).

poirepourri the Skirmisher (Gargoyle Fighter)       Turns: 3997, Time: 00:05:57

Health: -10/44     AC: 12    Str: 21    XL:     7   Next: 32%
Magic:  7/7        EV:  9    Int:  9    God:    Qazlal [......]
Gold:   193        SH:  9    Dex:  9    Spells: 0 memorised, 6 levels left

rFire  . . .     SeeInvis .     e - +1 mace (crush)
rCold  . . .     Gourm    .     b - +0 scale mail
rNeg   + . .     Faith    .     c - +0 shield
rPois  ∞         Spirit   .     d - +0 helmet
rElec  +         Dismiss  .     (no cloak)
rCorr  .         Reflect  .     (no gloves)
SustAt .         Harm     .     (no boots)
MR     .....                    (no amulet)
Stlth  ..........               (no ring)
                                (no ring)

@: not resistant to hostile enchantments, extremely unstealthy
A: negative energy resistance 1, electricity resistance, unbreathing,
petrification resistance, rot immunity, AC +4
a: Renounce Religion


You were on level 5 of the Dungeon.
You worshipped Qazlal.
Qazlal was noncommittal.
You were not hungry.

You visited 2 branches of the dungeon, and saw 6 of its levels.

You collected 193 gold pieces.

Inventory:

Hand Weapons
 a - a +1 flail
 e - a +1 mace of crushing (weapon)
Armour
 b - a +0 scale mail (worn)
 c - a +0 shield (worn)
 d - a +0 helmet (worn)
Wands
 h - a wand of acid (4/15)
Scrolls
 i - 2 scrolls of magic mapping
 l - 3 scrolls of remove curse
Potions
 f - 2 potions of lignification
 m - a potion of cure mutation
 p - a potion of cancellation
 r - a potion of curing
 s - 2 potions of agility
Comestibles
 n - 8 fruits
 o - a bread ration


   Skills:
 + Level 5.4 Fighting
 + Level 4.6 Maces & Flails
 - Level 3.2 Armour
 + Level 3.7 Dodging
 + Level 0.5 Stealth
 - Level 3.2 Shields


You had 6 spell levels left.
You didn't know any spells.

Dungeon Overview and Level Annotations

Branches:
Dungeon (5/15)             Temple (1/1) D:4

Altars:
Cheibriados
Dithmenos
Elyvilon
Fedhas
Gozag
Hepliaklqana
Kikubaaqudgha
Makhleb
Nemelex Xobeh
Okawaru
Pakellas
Qazlal
Sif Muna
Uskayaw
Yredelemnul
Zin
The Shining One


Innate Abilities, Weirdness & Mutations

You are resistant to torment.
Your stone body is resilient. (AC +4)
You are immune to poison.
You resist negative energy. (rN+)
You are resistant to electric shocks. (rElec)
You can survive without breathing.
You are immune to petrification.
You are immune to rotting.


Message History

An ogre is nearby!
You barely miss the shadow imp.
The shadow imp hits you but does no damage.
You closely miss the shadow imp.
The shadow imp hits you but does no damage.
You block the ogre's attack.
You sock the shadow imp!
You kill the shadow imp!
Qazlal accepts your kill. You block the ogre's attack.
You barely miss the ogre.
The ogre hits you with a giant spiked club!!
Ouch! That really hurt!
You hit the ogre but do no damage.
The ogre hits you with a giant spiked club.
You hit the ogre.
The ogre is lightly wounded.
The ogre hits you with a giant spiked club!!
Ouch! That really hurt!
You die...

######### #........
#.......# #.......#
#.......# #.#
#.......# #.#
#.......#.#.#
#....O@?..#.#
######.####.#
######.......#.# #
#......##.##.#.# .#
#.##......##.#.####.#
#.#.#............####
.(.#.#####.###.>.....#
#.####.#####.#
#.#####.#
#.####.......#
#.#####.##


You could see an ogre.

Vanquished Creatures
  An ogre (D:4)
  A centaur (D:5)
  A hound (D:4)
  3 orc wizards (D:4)
  An orc priest (D:4)
  Ijyb (D:3)
  Terence (D:3)
  9 adders
  A shadow imp (D:5)
  2 oozes
  An adder zombie (D:5)
  An adder skeleton (D:4)
  2 worms (D:2)
  2 dart slugs (D:1)
  4 giant geckos
  9 orcs
  4 bats
  4 giant cockroaches
  7 goblins
  6 hobgoblins
  8 jackals
  6 kobolds
  A quokka (D:3)
  9 giant newts
  9 rats
94 creatures vanquished.

Vanquished Creatures (others)
  A bat (D:1)
1 creature vanquished.

Grand Total: 95 creatures vanquished

Notes
Turn   | Place    | Note
-------+----------+-------------------------------------------
     0 | D:1      | poirepourri the Gargoyle Fighter began the quest for the Orb.
     0 | D:1      | Reached XP level 1. HP: 14/14 MP: 1/1
   364 | D:1      | Reached XP level 2. HP: 19/19 MP: 2/2
   410 | D:1      | Reached skill level 1 in Dodging
   675 | D:1      | Reached XP level 3. HP: 24/24 MP: 3/3
   879 | D:1      | Reached skill level 4 in Fighting
  1491 | D:2      | Reached XP level 4. HP: 25/29 MP: 4/4
  1650 | D:2      | Found a sparkling altar of Nemelex Xobeh.
  2094 | D:3      | Found an opulent altar of Gozag.
  2113 | D:3      | Reached XP level 5. HP: 34/34 MP: 5/5
  2135 | D:3      | Noticed Ijyb
  2154 | D:3      | Killed Ijyb
  2363 | D:3      | Noticed Terence
  2376 | D:3      | Killed Terence
  2540 | D:3      | Found a blossoming altar of Fedhas.
  2638 | D:3      | Found a glowing silver altar of Zin.
  2677 | D:3      | Found an iron altar of Okawaru.
  2825 | D:3      | Found a white marble altar of Elyvilon.
  2986 | D:4      | Found a deep blue altar of Sif Muna.
  3080 | D:4      | Reached XP level 6. HP: 32/40 MP: 6/6
  3091 | D:4      | Reached skill level 5 in Fighting
  3110 | D:4      | Found a staircase to the Ecumenical Temple.
  3137 | Temple   | Entered the Ecumenical Temple
  3383 | Temple   | Became a worshipper of Qazlal Stormbringer
  3426 | D:4      | Found a glowing golden altar of the Shining One.
  3682 | D:4      | HP: 1/40 [ogre/giant club (25)]
  3683 | D:4      | Reached XP level 7. HP: 2/44 MP: 7/7
  3921 | D:5      | Entered Level 5 of the Dungeon
  3997 | D:5      | Mangled by an ogre

Vault maps used:
D:1:      saegor_arrival_miasma, minmay_hedge_maze, minmay_newt_pond
D:2:      lemuel_crystal_altar, first_bread
D:3:      grunt_gozag_statues, lemuel_crystal_altar, overflow_temple_1_default,
          lemuel_doored_altar, fedhas_altar_fruit_tree, uniq_iyjb, uniq_terence
D:4:      led_sif_pool, marbit_many_paths
D:5:      chequers_ossuary_entry_cave, roderic_batcave
Temple:   compressed_dpeg_triangle_lava_temple

Skill      XL: |  1  2  3  4  5  6 |
---------------+-------------------+-----
Dodging        | 1 2 3 |  3.7
Fighting       | 4 5 |  5.4
Maces & Flails | 3 4 |  4.6
Armour         | |  3.2
Stealth        | |  0.5
Shields        | |  3.2

Action                   |  1- 3 |  4- 6 |  7- 9 || total
-------------------------+-------+-------+-------++-------
Melee: Flail             |   126 |   212 |     7 ||   345
       Mace              |       |       |    22 ||    22
  Use: Scroll            |       |     7 |    10 ||    17
       Potion            |       |     2 |     1 ||     3
  Eat: Bread ration      |     1 |     1 |       ||     2
       Royal jelly       |       |       |     1 ||     1
Armor: Scale mail        |    87 |   110 |    11 ||   208
Dodge: Dodged            |    56 |    78 |    10 ||   144
Block: Shield            |    73 |   114 |    12 ||   199
